 Dungeon Crawl Stone Soup version 0.17.1-2-g5865329 (webtiles) character file.

3955 Jobasha the Nimble (level 10, -5/88 HPs)
             Began as a Minotaur Gladiator on Jan 26, 2016.
             Slain by a yak (8 damage)
             ... on level 1 of the Lair of Beasts.
             The game lasted 00:57:42 (9347 turns).

Jobasha the Nimble (Minotaur Gladiator)             Turns: 9347, Time: 00:57:42

Health: -5/88      AC:  8    Str: 21    XL:     10   Next: 2%
Magic:  17/17      EV: 10    Int:  5    God:
Gold:   420        SH:  0    Dex: 13    Spells: 0 memorised, 9 levels left

rFire  . . .     SeeInvis .     N - +3 halberd (freeze) (curse)
rCold  . . .     Clarity  +     v - +0 ring mail
rNeg   . . .     SustAt   +     (shield currently unavailable)
rPois  .         Gourm    .     c - +0 hat
rElec  .         Spirit   .     u - +0 cloak
rCorr  .         Warding  .     (no gloves)
rMut   .         Stasis   .     (no boots)
MR     .....                    E - amulet of regeneration
Stlth  ++........               L - ring of sustain attributes
                                b - ring of magical power

@: not resistant to hostile enchantments, unstealthy
A: retaliatory headbutt, horns 2, talons 1, blurry vision 1, clarity,
deterioration 1, low mp 1, subdued magic 1
a: no special abilities


You were on level 1 of the Lair of Beasts.
You were not hungry.

You visited 3 branches of the dungeon, and saw 10 of its levels.

You collected 420 gold pieces.

Inventory:

Hand Weapons
 g - a +1 vampiric spear
 h - a +1 whip of electrocution
 l - a +4 whip
 n - a cursed +2 dagger
 x - a +2 flail of protection
 z - a +4 quarterstaff of chaos
 A - a +1 dagger of electrocution
 C - a +2 dagger of speed
 M - a +3 war axe
 N - a cursed +3 halberd of freezing (weapon)
 O - a +3 trident of freezing
Missiles
 d - 2 throwing nets
 D - 12 tomahawks (quivered)
Armour
 c - a +0 hat (worn)
 u - a +0 cloak (worn)
 v - a +0 ring mail (worn)
Magical Staves
 a - an uncursed staff of death
Jewellery
 b - a ring of magical power (left hand)
 E - an amulet of regeneration (around neck)
 L - a ring of sustain attributes (right hand)
Wands
 w - a wand of cold (13)
 B - a wand of slowing (5)
 J - a wand of frost (40)
Scrolls
 f - 4 scrolls of identify
 j - 3 scrolls of recharging
 m - 3 scrolls of enchant armour
 p - a scroll of blinking
 r - a scroll of teleportation
 s - a scroll of fog
 y - a scroll of fear
Potions
 k - 3 potions of lignification
 o - a potion of ambrosia
 H - a potion of flight
Books
 F - a book of Dreams

   Spells                             Type                      Level
   a - Ensorcelled Hibernation        Hexes/Ice                    2
   b - Phase Shift                    Translocation                5
   c - Shadow Creatures               Summoning                    5
   d - Silence                        Hexes/Air                    5
   e - Darkness                       Hexes                        6
   f - Mass Confusion                 Hexes                        6
Comestibles
 e - 6 bread rations
 i - 16 fruits
 q - 4 meat rations
 t - 5 beef jerkies
 G - 2 royal jellies
 K - 7 slices of pizza


   Skills:
 + Level 7.9 Fighting
 + Level 5.5 Short Blades
 + Level 6.0 Maces & Flails
 + Level 1.6 Polearms
 + Level 3.1 Throwing
 + Level 8.4 Armour
 * Level 8.7 Dodging
 + Level 3.0 Stealth


You had 9 spell levels left.
You didn't know any spells.

Dungeon Overview and Level Annotations

Branches:
Dungeon (8/15)             Temple (1/1) D:4            Lair (1/8) D:8

Altars:
Ashenzari
Cheibriados
Dithmenos
Elyvilon
Fedhas
Gozag
Kikubaaqudgha
Makhleb
Nemelex Xobeh
Okawaru
Ru
Sif Muna
Trog
Vehumet
Xom
Yredelemnul
Zin
The Shining One

Shops:
D:5 (


Innate Abilities, Weirdness & Mutations

You reflexively headbutt those who attack you in melee.
You have a pair of horns on your head.
You have sharp toenails.
Scrolls take you a little longer to read.
You possess an exceptional clarity of mind.
Your body sometimes deteriorates upon taking damage.
Your magical capacity is low (-10% MP).
Your spells are a little easier to cast, but a little less powerful.


Message History

The yak is almost dead.
The yak misses you. x2
You furiously retaliate!
You headbutt the yak!
You kill the yak!
You have reached level 10!
You slash the yak! You freeze the yak. You claw the yak, but do no damage.
The yak is heavily wounded.
The yak gores you!
* * * LOW HITPOINT WARNING * * *
The yak misses you.
You hit the yak. You freeze the yak. You headbutt the yak!
The yak is almost dead.
The yak misses you. x2
You furiously retaliate!
You headbutt the yak, but do no damage. The yak gores you!
* * * LOW HITPOINT WARNING * * *
The yak gores you!
* * * LOW HITPOINT WARNING * * *
The yak gores you!
You die...

................
.....).............
...............##..
#......###P.#+## ..
#....#........#
.......[.....#
...........#
.#....)...#
#.@YY....# ..
#.YY.....#.....
#..............
$.#+####'###.....
......Y%%†.......
.................
................#
................#
.................


You could see 4 yaks.

Vanquished Creatures
  The ghost of AlfredTheGreat the Slasher, a novice MiBe of Trog (D:5)
  The ghost of Jobasha the Ducker, an amateur MiGl of Okawaru (D:6)
  3 yaks
  A human (D:7)
  A deep elf fighter (D:8)
  A black bear (D:5)
  4 ogres
  3 phantoms
  A crocodile (D:8)
  Blork the orc (D:5)
  A centaur (D:7)
  A big kobold (D:7)
  A gnoll sergeant (D:8)
  4 giant frogs
  2 scorpions (D:5)
  5 wights (D:8)
  A crimson imp (D:7)
  A centaur zombie (D:6)
  3 orc wizards
  Crazy Yiuf (D:4)
  3 hounds
  2 jellies
  2 iguanas (Lair:1)
  2 centaur skeletons
  4 worker ants
  3 sheep (D:7)
  14 gnolls
  7 river rats
  A worker ant zombie (D:7)
  9 adders
  A shadow imp (D:5)
  2 oozes (D:2)
  An adder skeleton (D:3)
  3 worms
  7 giant geckos
  26 orcs
  5 giant cockroaches
  4 goblins
  13 hobgoblins
  5 jackals
  5 quokkas
  17 bats
  5 giant newts
  2 jackal skeletons
  6 kobolds
  16 rats
  A fungus (D:4)
  A plant (D:8)
204 creatures vanquished.

Vanquished Creatures (others)
  7 fungi (D:8)
  A plant (D:8)
8 creatures vanquished.

Grand Total: 212 creatures vanquished

Notes
Turn   | Place    | Note
--------------------------------------------------------------
     0 | D:1      | Jobasha the Minotaur Gladiator began the quest for the Orb.
     0 | D:1      | Reached XP level 1. HP: 18/18 MP: 0/0
   481 | D:1      | Reached XP level 2. HP: 25/25 MP: 1/1
  1240 | D:2      | Reached XP level 3. HP: 31/31 MP: 2/2
  1402 | D:2      | Reached skill level 1 in Armour
  2165 | D:3      | Reached skill level 4 in Short Blades
  2344 | D:3      | Found a white marble altar of Elyvilon.
  2358 | D:3      | Became a worshipper of Elyvilon the Healer
  2412 | D:3      | Found a basalt altar of Yredelemnul.
  2592 | D:3      | Reached XP level 4. HP: 35/38 MP: 3/3
  3207 | D:3      | Gained mutation: You possess an exceptional clarity of mind. [potion of mutation]
  3207 | D:3      | Gained mutation: Your body sometimes deteriorates upon taking damage. [potion of mutation]
  3207 | D:3      | Gained mutation: Your spells are a little easier to cast, but a little less powerful. [potion of mutation]
  3208 | D:3      | Gained mutation: Your magical capacity is low (-10% MP). [potion of mutation]
  3208 | D:3      | Gained mutation: Scrolls take you a little longer to read. [potion of mutation]
  3208 | D:3      | Gained mutation: You have sharp toenails. [potion of mutation]
  3315 | D:4      | Reached XP level 5. HP: 34/46 MP: 3/3
  3492 | D:4      | Reached * piety under Elyvilon
  3496 | D:4      | Noticed an ogre
  3502 | D:4      | Killed an ogre
  3502 | D:4      | Reached skill level 1 in Maces & Flails
  3502 | D:4      | Reached skill level 1 in Stealth
  3502 | D:4      | Reached XP level 6. HP: 28/52 MP: 4/4
  3667 | D:4      | Found a white marble altar of Elyvilon.
  3778 | D:4      | Found a staircase to the Ecumenical Temple.
  3778 | D:4      | Noticed a phantom
  3836 | D:4      | Killed a phantom
  3844 | Temple   | Entered the Ecumenical Temple
  4036 | D:4      | Noticed an ogre
  4043 | D:4      | Killed an ogre
  4043 | D:4      | Reached XP level 7. HP: 47/60 MP: 5/5
  4115 | D:4      | Reached skill level 5 in Armour
  4391 | D:4      | Reached skill level 5 in Dodging
  4812 | D:4      | Noticed Crazy Yiuf
  4819 | D:4      | Killed Crazy Yiuf
  4893 | D:5      | Entered Level 5 of the Dungeon
  4893 | D:5      | Found Ijiomyd's Weapon Emporium.
  5018 | D:5      | Reached ** piety under Elyvilon
  5058 | D:5      | Noticed AlfredTheGreat's ghost (novice MiBe)
  5105 | D:5      | Killed AlfredTheGreat's ghost
  5105 | D:5      | Reached skill level 5 in Fighting
  5105 | D:5      | Reached skill level 6 in Armour
  5105 | D:5      | Reached XP level 8. HP: 32/68 MP: 6/6
  5302 | D:5      | Reached skill level 7 in Armour
  5657 | D:5      | Noticed Blork the orc
  5665 | D:5      | Was placed under penance by Elyvilon
  5685 | D:5      | Killed Blork the orc
  5685 | D:5      | Reached skill level 5 in Short Blades
  5712 | D:5      | Fell from the grace of Elyvilon
  6908 | D:6      | Reached skill level 8 in Armour
  7101 | D:6      | Reached XP level 9. HP: 65/75 MP: 7/7
  7143 | D:6      | Noticed Jobasha's ghost (amateur MiGl)
  7159 | D:6      | Killed Jobasha's ghost
  8043 | D:7      | Found a snail-covered altar of Cheibriados.
  8043 | D:7      | Found an opulent altar of Gozag.
  8158 | D:7      | Found an opulent altar of Gozag.
  8228 | D:7      | Reached skill level 5 in Maces & Flails
  9069 | D:8      | Found a staircase to the Lair.
  9139 | D:8      | Reached skill level 1 in Polearms
  9236 | Lair:1   | Entered Level 1 of the Lair of Beasts
  9344 | Lair:1   | Reached XP level 10. HP: 29/88 MP: 8/8
  9347 | Lair:1   | HP: 3/88 [yak (8)]
  9347 | Lair:1   | Slain by a yak

Action                   |  1- 3 |  4- 6 |  7- 9 | 10-12 || total
-------------------------+-------+-------+-------+-------++-------
Melee: Rapier            |   100 |    14 |       |       ||   114
       Whip              |       |    94 |    35 |       ||   129
       Dagger            |       |       |   110 |       ||   110
       Flail             |       |       |   183 |       ||   183
       Halberd           |       |       |    77 |     2 ||    79
Throw: Throwing net      |       |     3 |     4 |       ||     7
       Tomahawk          |       |       |     8 |       ||     8
Invok: Divine Protection |       |       |     2 |       ||     2
       Lesser Healing    |       |       |     1 |       ||     1
       Renounce Religion |       |       |     1 |       ||     1
  Use: Potion            |     3 |     5 |     6 |       ||    14
       Scroll            |       |       |    20 |       ||    20
 Stab: Invisible         |       |       |     2 |       ||     2
       Sleeping          |       |       |     1 |       ||     1
  Eat: Chunk             |     3 |     3 |    13 |       ||    19
       Fruit             |     3 |     1 |     6 |       ||    10
       Royal jelly       |       |       |     1 |       ||     1
